 Dungeon Crawl Stone Soup version 0.32-a0-995-gb4a59205af (webtiles) character file.

Game seed: 5011985523384050964

340 Bediveer the Shooter (level 6, 0/42 HPs)
             Began as an Octopode Hunter on Apr 22, 2024.
             Killed from afar by an orc wizard (9 damage)
             ... with a puff of flame
             ... on level 4 of the Dungeon.
             The game lasted 00:04:06 (2732 turns).

Bediveer the Shooter (Octopode Hunter)              Turns: 2732, Time: 00:04:07

Health: 0/42       AC:  1    Str: 10    XL:     6   Next: 56%
Magic:  6/6        EV: 12    Int: 11    God:
Gold:   202        SH:  0    Dex: 18    Spells: 5/5 levels left

rFire   . . .        a - +0 shortbow (heavy)
rCold   . . .        (shield currently unavailable)
rNeg    . . .        (helmet restricted)
rPois   .            (no amulet)
rElec   .            (no ring)
rCorr   .            (no ring)
SInv    .            (no ring)
Will    .....        (no ring)
Stlth   ++           (no ring)
HPRegen 0.27/turn    (no ring)
MPRegen 0.10/turn    (no ring)
                     (no ring)

%: no passive effects
@: confused
A: almost no armour, amphibious, 8 rings, camouflage 1, gelatinous body 1,
(nimble swimmer 1), tentacles
a: no special abilities


You were on level 4 of the Dungeon.
You visited 1 branch of the dungeon, and saw 4 of its levels.

You collected 202 gold pieces.

Inventory:

Hand Weapons
 a - a +0 heavy shortbow (weapon)
Wands
 k - a wand of flame (17)
Scrolls
 b - a scroll of butterflies
 d - a scroll of revelation
 e - 3 scrolls of identify
 g - a scroll of brand weapon
 l - a scroll of teleportation
Potions
 c - a potion of heal wounds
 f - a potion of brilliance {unknown}
 h - 2 potions of magic {unknown}
 i - 2 potions of attraction {unknown}
 j - a potion of lignification {unknown}


   Skills:
 - Level 3.0 Fighting
 * Level 7.3 Ranged Weapons
 - Level 2.0 Dodging
 - Level 1.3 Stealth


You had 5 spell levels left.
You didn't know any spells.
Your spell library contained the following spells:

 Spells                   Type           Power      Damage    Failure   Level
 Ensorcelled Hibernation  Hex/Ice        0%         N/A       47%         2
 Scorch                   Fire           0%         2d5       47%         2
 Fugue of the Fallen      Necr           0%         N/A       71%         3
 Sigil of Binding         Hex            0%         N/A       71%         3
 Summon Ice Beast         Ice/Summ       0%         N/A       71%         3
 Anguish                  Hex/Necr       0%         N/A       98%         4
 Cause Fear               Hex            0%         N/A       98%         4
 Flame Wave               Conj/Fire      0%         2d4       98%         4
 Summon Mana Viper        Hex/Summ       0%         N/A       100%        5
 Summon Cactus Giant      Summ           0%         N/A       100%        6
 Enfeeble                 Hex            0%         N/A       100%        7
 Monstrous Menagerie      Summ           0%         N/A       100%        7


Dungeon Overview and Level Annotations

Branches:
Dungeon (4/15)
 Temple: D:4-7

Altars:

Shops:
D:3 [

Annotations:
D:3 2 transporters


Innate Abilities, Weirdness & Mutations

You cannot wear most types of armour.
You are amphibious.
You can wear up to eight rings at the same time.
Your skin changes colour to match your surroundings (Stealth+).
Your rubbery body absorbs attacks. (AC +1, EV +1)
((You are camouflaged when in or above water. (Stealth+)))
You have tentacles for arms and can constrict up to eight enemies at once.


Message History

The slug dart misses you.
The slug dart hits something.
You are too injured to fight recklessly!
You are too injured to fight recklessly!
You are too injured to fight recklessly!
You are too injured to fight recklessly!
You are too injured to fight recklessly!
You are too injured to fight recklessly!
You are too injured to fight recklessly!
You are too injured to fight recklessly!
You are too injured to fight recklessly!
You are too injured to fight recklessly!
You are too injured to fight recklessly!
You are too injured to fight recklessly!
You are too injured to fight recklessly!
You are too injured to fight recklessly!
You are too injured to fight recklessly!
You are too injured to fight recklessly!
You are too injured to fight recklessly!
You are too injured to fight recklessly!
You are too injured to fight recklessly!
You are too injured to fight recklessly!
You are too injured to fight recklessly!
You are too injured to fight recklessly!
You are too injured to fight recklessly!
You are too injured to fight recklessly!
You are too injured to fight recklessly!
You are too injured to fight recklessly!
You closely miss the orc wizard.
The orc wizard is severely wounded.
The orc wizard gestures at you while chanting.
The magic dart hits you! Something hits you.
* * * LOW HITPOINT WARNING * * *
The dart slug closely misses you.
You barely miss the orc wizard.
The orc wizard is severely wounded.
Something hits you.
* * * LOW HITPOINT WARNING * * *
The orc wizard gestures at you while chanting.
The puff of flame hits you!
You die...

#......##. #...#.... ###
#. .#. .# #..###
#.#...#.#. #.†...# #...
.... .......### ..###.#
.........###.##..###
..........)..#.....##
.......@o###........##
......w..#o#.........##
.......###o###........#
.......#..:.o#........##
.....#.###.#'#.........#
....##...#.#.o.........#
...# ##..###............
#.[ ##.....##.........
... ####.........


You could see 2 orc wizards and a dart slug.

Vanquished Creatures
  Sigmund (D:2)
  Crazy Yiuf (D:2)
  Jessica (D:2)
  An orc wizard (D:4)
  3 adders
  3 ribbon worms
  7 orcs
  4 ball pythons
  8 endoplasms
  4 giant cockroaches
  4 goblins
  6 hobgoblins
  5 kobolds
  A quokka (D:4)
  6 bats
  8 frilled lizards
  4 rats
67 creatures vanquished.

Notes
Turn   | Place    | Note
-------+----------+-------------------------------------------
     0 | D:1      | Bediveer the Octopode Hunter began the quest for the Orb.
     0 | D:1      | Reached XP level 1. HP: 14/14 MP: 1/1
    90 | D:1      | Reached XP level 2. HP: 19/19 MP: 2/2
   454 | D:1      | Reached XP level 3. HP: 25/25 MP: 3/3
   943 | D:2      | Found a runed translucent door.
   944 | D:2      | Noticed Crazy Yiuf
  1242 | D:2      | Noticed Jessica
  1248 | D:2      | Killed Jessica
  1249 | D:2      | Reached skill level 5 in Ranged Weapons
  1249 | D:2      | Reached XP level 4. HP: 22/30 MP: 4/4
  1387 | D:2      | Noticed Sigmund
  1427 | D:2      | Killed Sigmund
  1428 | D:2      | Reached skill level 6 in Ranged Weapons
  1428 | D:2      | Reached XP level 5. HP: 20/36 MP: 5/5
  1428 | D:2      | Reached XP level 6. HP: 23/42 MP: 6/6
  1731 | D:2      | Killed Crazy Yiuf
  2006 | D:3      | Reached skill level 7 in Ranged Weapons
  2060 | D:3      | Found a transporter.
  2201 | D:3      | Found a transporter.
  2380 | D:3      | Found Isibi's Antique Armour Boutique.
  2732 | D:4      | Killed from afar by an orc wizard

Illustrated notes

Levels and vault maps discovered:
D:1:      tarquinn_simple_flora_water_e, layout_loops_ring
D:2:      layout_loops_ring, nicolae_houndstooth_variations,
          uniq_crazy_yiuf_cottage, uniq_sigmund, uniq_jessica
D:3:      layout_loops_corners, gammafunk_ghost_gnarly_gnolls, serial_shops,
          shop
D:4:      layout_cave_pods, minmay_temple_entry_ruins, serial_park,
          serial_park_square3 [serial_park_minivault_5x5_4],
          serial_park_avenue1, serial_park_tiny_pond, serial_park_tiny_pond,
          serial_park_square1 [serial_park_minivault_5x5_8], serial_park_square3
          [serial_park_minivault_5x5_4], minmay_a_box_with_orc_wizards_in_it,
          uniq_blork_the_orc

Skill      XL: |  1  2  3  4  5  6 |
---------------+-------------------+-----
Ranged Weapons | 5 6 7 |  7.3
Fighting       | 3 |  3.0
Dodging        | |  2.0
Stealth        | |  1.3

Action                     |  1- 3 |  4- 6 || total
---------------------------+-------+-------++-------
  Melee: Shortbow          |       |     2 ||     2
   Fire: Shortbow          |    94 |    70 ||   164
    Use: Scroll            |     5 |     2 ||     7
 Armour: Skin              |    17 |    22 ||    39
  Dodge: Dodged            |    19 |    23 ||    42

Table legend: (Time is in decaauts)
 A = Elapsed time spent in this place.
 B = Non-inter-level travel time spent in this place.
 C = Inter-level travel time spent in this place.
 D = Time resting spent in this place.
 E = Time spent auto-exploring this place.
 F = Levels seen in this place.
 G = Mean time per level.
                   A        B        C        D        E       F      G
               +--------+--------+--------+--------+--------+-----+--------+
         Total |   2800 |   2693 |    107 |      0 |   2306 |   4 |  700.0 |
       Dungeon |   2800 |   2693 |    107 |      0 |   2306 |   4 |  700.0 |
               +--------+--------+--------+--------+--------+-----+--------+

Top non-repeatable levels by time:
     D:2: 986 daAuts
     D:1: 839 daAuts
     D:3: 760 daAuts
     D:4: 213 daAuts
